 Dungeon Crawl Stone Soup version 0.29.1 (webtiles) character file.

Game seed: 4938097819650538177

25 writerjack the Chopper (level 2, -9/26 HPs)
             Began as a Minotaur Berserker on Sept 13, 2022.
             Was a Follower of Trog.
             Mangled by a worm (10 damage)
             ... on level 2 of the Dungeon.
             The game lasted 00:02:04 (849 turns).

writerjack the Chopper (Minotaur Berserker)          Turns: 849, Time: 00:02:04

Health: -9/26      AC:  2    Str: 21    XL:     2   Next: 86%
Magic:  1/1        EV: 12    Int:  4    God:    Trog [*.....]
Gold:   36         SH:  0    Dex:  9    Spells: 1/1 levels left

rFire   . . .      SeeInvis .   a - +0 hand axe
rCold   . . .      Faith    .   (no shield)
rNeg    . . .      Spirit   .   b - +0 animal skin
rPois   .          Reflect  .   (helmet restricted)
rElec   .          Harm     .   (no cloak)
rCorr   .          Rampage  .   (no gloves)
Will    .....                   (no boots)
Stlth   +.........              (no amulet)
HPRegen 0.08/turn               (no ring)
MPRegen 0.07/turn               (no ring)

@: no status effects
A: horns 2, retaliatory headbutt
a: Renounce Religion, Berserk


You were on level 2 of the Dungeon.
You worshipped Trog.
Trog was aware of your devotion.
You visited 1 branch of the dungeon, and saw 2 of its levels.

You collected 36 gold pieces.

Inventory:

Hand Weapons
 a - a +0 hand axe (weapon)
Armour
 b - a +0 animal skin (worn)
Magical Staves
 g - a staff of death
Jewellery
 c - an amulet of guardian spirit
Scrolls
 d - a scroll of magic mapping {unknown}
 f - 2 scrolls of identify {unknown}
 h - a scroll of teleportation {unknown}
Potions
 e - a potion of curing {unknown}


   Skills:
 - Level 3.6 Fighting
 * Level 5.0 Axes
 - Level 2.4 Armour
 - Level 2.1 Dodging


You had one spell level left.
You didn't know any spells.
Your spell library was empty.

Dungeon Overview and Level Annotations

Branches:
Dungeon (2/15)

Altars:


Innate Abilities, Weirdness & Mutations

You have a pair of horns on your head.
You reflexively headbutt those who attack you in melee.


Message History

You hit the kobold.
You kill the kobold!
Trog accepts your kill.
A worm comes into view.
The rat closely misses you.
You barely miss the rat. The rat misses you.
You hit the rat.
You kill the rat!
Trog accepts your kill.
You hit the hobgoblin.
You kill the hobgoblin!
Trog accepts your kill.
A goblin comes into view. It is wielding a +0 dagger.
You slash the worm!
The worm is moderately wounded.
The worm bites you.
You hit the worm but do no damage. Your headbutt misses the worm.
The worm is moderately wounded.
The worm misses you.
You barely miss the worm.
The worm is moderately wounded.
You hit the worm.
The worm is heavily wounded.
The worm misses you. You furiously retaliate!
You headbutt the worm. You barely miss the worm. You headbutt the worm!
You kill the worm!
Trog accepts your kill.
Your Axes skill increases to level 5!
You miss the goblin. Your headbutt misses the goblin. You hit the worm.
The goblin hits you with a +0 dagger. The worm closely misses you.
You slash the goblin!
You kill the goblin!
Trog accepts your kill.
You barely miss the worm.
Found a scroll labelled DIC OHIOBEN.
The worm bites you!
You see here a +0 dagger.
Found a spear.
The worm bites you!
* * * LOW HITPOINT WARNING * * *
The worm bites you!
You die...

#.##..K..#.##..##.###.
#...<.................
##########..........$.
...... .........
...... ##.#.....
......##.....## #
.)#$...#..)...#.#
.....[...)†.#...#
#.#.#..@w..$....#
#....#....#.#
#...............
#....#.#......##
##...#.#.###..#
#...#.#.. .^#
#$?##.#### ## ... #..


You could see a worm.

Vanquished Creatures
  A worm (D:2)
  A bat (D:1)
  2 endoplasms (D:1)
  A giant cockroach (D:1)
  2 goblins
  A hobgoblin (D:2)
  2 kobolds
  3 quokkas (D:1)
  2 ball pythons (D:1)
  A frilled lizard (D:1)
  4 rats
20 creatures vanquished.

Vanquished Creatures (others)
  4 plants (D:1)
4 creatures vanquished.

Grand Total: 24 creatures vanquished

Notes
Turn   | Place    | Note
-------+----------+-------------------------------------------
     0 | D:1      | writerjack the Minotaur Berserker began the quest for the
                  | Orb.
     0 | D:1      | Reached XP level 1. HP: 19/19 MP: 0/0
   133 | D:1      | Reached skill level 4 in Axes
   349 | D:1      | Reached XP level 2. HP: 26/26 MP: 1/1
   826 | D:1      | You fall into a shaft and drop 1 floor!
   844 | D:2      | Reached skill level 5 in Axes
   847 | D:2      | HP: 1/26 [worm (10)]
   849 | D:2      | Mangled by a worm

Illustrated notes

Levels and vault maps discovered:
D:1:      minmay_arrival_solitary_statue, layout_basic, serial_forest,
          infiniplex_forest_clump_large, infiniplex_forest_straight_3,
          infiniplex_forest_3_way, infiniplex_forest_straight_2,
          infiniplex_forest_zigzag_1, infiniplex_forest_zigzag_1,
          infiniplex_forest_end_1, minmay_misc_feat_tower, minmay_door_square
D:2:      layout_basic, shapermc_ecumenical_altar_mp_ritualfount

Skill      XL: |  1  2 |
---------------+-------+-----
Axes           | 4 5 |  5.0
Fighting       | |  3.6
Armour         | |  2.4
Dodging        | |  2.1

Action                   || total
-------------------------++-------
Melee: Hand axe          ||    39
       Headbutt          ||     3
 Stab: Sleeping          ||     2
Armor: Animal skin       ||     3
Dodge: Dodged            ||    17
